 Dungeon Crawl Stone Soup version 0.29.1-15-g9cfb28693d (webtiles) character file.

Game seed: 7460182081692689035

3403 EarthwalkerPL the Protected (level 9, -4/78 (83) HPs)
             Began as a Minotaur Fighter on Mar 23, 2023.
             Slain by a troll (8 damage)
             ... on level 8 of the Dungeon.
             The game lasted 00:12:15 (8013 turns).

EarthwalkerPL the Protected (Minotaur Fighter)      Turns: 8013, Time: 00:12:16

HP:   -4/78 (83)    AC: 13    Str: 26    XL:     9   Next: 75%
MP:   8/8           EV:  9    Int:  5    God:
Gold: 461           SH:  6    Dex: 15    Spells: 8/8 levels left

rFire   . . .      SeeInvis .   a - +0 war axe
rCold   . . .      Faith    .   c - +0 buckler
rNeg    . . .      Spirit   .   b - +0 scale mail
rPois   .          Reflect  .   (helmet restricted)
rElec   .          Harm     .   (no cloak)
rCorr   .          Rampage  .   (no gloves)
Will    .....                   A - +0 pair of boots
Stlth   ..........              (no amulet)
HPRegen 0.23/turn               g - +6 ring of dexterity
MPRegen 0.11/turn               v - +4 ring of protection

@: drained
A: horns 2, retaliatory headbutt
a: no special abilities


You were on level 8 of the Dungeon.
You visited 2 branches of the dungeon, and saw 9 of its levels.

You collected 461 gold pieces.

Inventory:

Hand Weapons
 a - a +0 war axe (weapon)
Missiles
 w - 4 boomerangs (quivered)
 y - 7 poisoned darts
Armour
 b - a +0 scale mail (worn)
 c - a +0 buckler (worn)
 m - a +0 tower shield
 A - a +0 pair of boots (worn)
Jewellery
 g - a +6 ring of dexterity (left hand)
 h - an amulet of magic regeneration
 v - a +4 ring of protection (right hand)
 B - a +6 ring of dexterity
 C - an amulet of reflection
Scrolls
 f - 2 scrolls of noise
 i - 2 scrolls of amnesia
 k - a scroll of butterflies
 l - 3 scrolls of enchant weapon
 n - 3 scrolls of blinking
 o - a scroll of immolation
 p - a scroll of vulnerability
 r - 5 scrolls of teleportation
 x - a scroll of fear
 D - a scroll of identify
Potions
 d - 2 potions of might
 e - 4 potions of lignification
 q - 2 potions of haste {unknown}
 s - 3 potions of curing {unknown}
 t - 3 potions of attraction {unknown}
 u - a potion of flight {unknown}
 z - a potion of mutation {unknown}


   Skills:
 * Level 9.3 Fighting
 * Level 8.8 Axes
 + Level 3.7 Throwing
 * Level 9.4 Armour
 + Level 6.9 Shields


You had 8 spell levels left.
You didn't know any spells.
Your spell library contained the following spells:

 Spells                   Type           Power      Damage    Failure   Level
 Sting                    Tmut/Pois      0%         1d3       80%         1
 Poisonous Vapours        Pois/Air       0%         N/A       90%         2
 Olgreb's Toxic Radiance  Pois           0%         N/A       100%        4


Dungeon Overview and Level Annotations

Branches:
Dungeon (8/15)             Temple (1/1) D:5
   Lair: D:8-11

Altars:
Ashenzari
Cheibriados
Dithmenos
Elyvilon
Fedhas
Gozag
Kikubaaqudgha
Makhleb
Nemelex Xobeh
Qazlal
Ru
Sif Muna
Trog
Vehumet
Wu Jian
Xom
Yredelemnul
Zin

Shops:
D:5 =   D:6 [


Innate Abilities, Weirdness & Mutations

You have a pair of horns on your head.
You reflexively headbutt those who attack you in melee.


Message History

You slash the howler monkey! You headbutt the howler monkey.
You kill the howler monkey!
A gargoyle comes into view. It is wielding a +0 mace.
Items here: )) [[ †.
The troll shouts!
The troll bites you but does no damage. The troll barely misses you.
The troll claws you. The troll attacks as you move away!
The troll bites you but does no damage. The troll claws you.
The troll claws you!
* * * LOW HITPOINT WARNING * * *
You see here a bullfrog corpse.
The troll attacks as you move away! The troll bites you but does no damage.
The troll closely misses you. The troll barely misses you.
There is a stone staircase leading up here.
You are too injured to fight recklessly!
You are too injured to fight recklessly!
You are too injured to fight recklessly!
You slash the troll!
The troll is moderately wounded.
You block the troll's attack. The troll claws you but does no damage.
The troll claws you.
* * * LOW HITPOINT WARNING * * *
You slash the troll! You headbutt the troll.
The troll is severely wounded.
You block the troll's attack. The troll claws you but does no damage.
The troll claws you!
* * * LOW HITPOINT WARNING * * *
You hit the troll.
The troll is almost dead.
The troll bites you but does no damage. The troll claws you.
* * * LOW HITPOINT WARNING * * *
You block the troll's attack.
You barely miss the troll.
The troll is almost dead.
You block the troll's attack. The troll barely misses you. The troll claws you.
* * * LOW HITPOINT WARNING * * *
You hit the troll. Your headbutt misses the troll.
The troll is almost dead.
The troll bites you!
You die...

*,,***,**,,,** *..#
*,***,** ***..#
#.#*#,#****** ,,,..#
#..,.#.,,,,,* ***#.#
#.#*#.#****,* #.# #.#
#.# *,* #.# #.# #.# *,*
#†###.# #.#####,*
####.....###o9zT@#,*
............†###.#,*
#####.##.###.# #.#,* #
#.##.#*#.#*#.#,* #
#.##..,...,...,* #
#.######......,***** #
#..,,* #####.#>*,,,***
# #.#*,* *,,..#.,,,,,,*
#
#.#*,****,****,*#+##,**


You could see a troll, an orc warrior, a gargoyle and a wight.

Vanquished Creatures
  Grinder (D:3)
  Sigmund (D:3)
  5 yaks
  Menkaure (D:4)
  A water moccasin (D:6)
  2 sky beasts
  2 centaurs
  2 ogres
  7 bullfrogs
  3 scorpions
  A necrophage (D:7)
  4 wights (D:8)
  A howler monkey (D:8)
  3 hounds
  4 jellies
  2 orc priests (D:5)
  An iguana (D:4)
  6 orc wizards
  3 gnolls (D:2)
  5 adders
  A white imp (D:7)
  3 worms
  A dart slug (D:2)
  22 orcs
  6 ball pythons
  7 endoplasms
  7 giant cockroaches
  9 hobgoblins
  6 jackals
  A quokka (D:1)
  4 bats
  2 frilled lizards
  7 goblins
  7 kobolds
  5 rats
143 creatures vanquished.

Vanquished Creatures (others)
  3 plants (D:5)
3 creatures vanquished.

Grand Total: 146 creatures vanquished

Notes
Turn   | Place    | Note
-------+----------+-------------------------------------------
     0 | D:1      | EarthwalkerPL the Minotaur Fighter began the quest for the
                  | Orb.
     0 | D:1      | Reached XP level 1. HP: 19/19 MP: 0/0
   133 | D:1      | Reached XP level 2. HP: 27/27 MP: 1/1
   389 | D:1      | Found a faded altar of an unknown god.
  1184 | D:2      | Reached XP level 3. HP: 22/33 MP: 2/2
  1657 | D:2      | Found a shimmering altar of Xom.
  1696 | D:2      | Reached XP level 4. HP: 41/41 MP: 3/3
  2064 | D:3      | Noticed Grinder
  2080 | D:3      | Paralysed by Grinder for 4 turns
  2091 | D:3      | Killed Grinder
  2092 | D:3      | Reached skill level 5 in Fighting
  2092 | D:3      | Reached skill level 5 in Armour
  2092 | D:3      | Reached XP level 5. HP: 7/48 MP: 4/4
  2092 | D:3      | Reached XP level 6. HP: 9/56 MP: 5/5
  2417 | D:3      | Noticed Sigmund
  2435 | D:3      | Killed Sigmund
  2436 | D:3      | Reached skill level 5 in Axes
  2632 | D:3      | Found a blossoming altar of Fedhas.
  2696 | D:3      | Found a shadowy altar of Dithmenos.
  3126 | D:4      | Reached XP level 7. HP: 56/63 MP: 6/6
  3227 | D:4      | Reached skill level 5 in Shields
  3577 | D:4      | Noticed Menkaure
  3594 | D:4      | Killed Menkaure
  4225 | D:5      | Entered Level 5 of the Dungeon
  4253 | D:5      | Reached skill level 1 in Throwing
  4325 | D:5      | Found Jeviod's Jewellery Shop.
  4369 | D:5      | Reached XP level 8. HP: 50/71 MP: 7/7
  5284 | D:5      | Found a staircase to the Ecumenical Temple.
  5294 | Temple   | Entered the Ecumenical Temple
  5926 | D:6      | Found Meops's Armour Emporium.
  6385 | D:6      | Identified the +0 pair of gloves "Feikh" {rN+ Int+3}
  6752 | D:7      | Reached XP level 9. HP: 81/81 MP: 8/8
  6787 | D:7      | Found a radiant altar of Vehumet.
  7835 | D:8      | Noticed a troll
  7985 | D:8      | Noticed a gargoyle
  8013 | D:8      | Slain by a troll

Illustrated notes

Levels and vault maps discovered:
D:1:      minmay_arrival_radiant_lines, layout_loops_corners,
          shapermc_ecumenical_altar_starsandcircs
D:2:      layout_basic, basic_altar
D:3:      layout_basic, mainiacjoe_overflow_alcove_4, general_overflow_altar,
          minmay_misc_feat_hallway, uniq_sigmund, uniq_grinder
D:4:      layout_cave_pods, uniq_menkaure
D:5:      layout_basic, minmay_temple_entry_overgrown, serial_shops,
          shop_fountains, minmay_misc_feat_rows
D:6:      layout_loops_cross, serial_shops, nicolae_shop_advertising_works
          [nicolae_subvault_shop_adworks], dk_rats_in_the_wall
D:7:      layout_rooms, nicolae_vehumet_radiance
D:8:      layout_loops_ring, enter_bailey_5, grunt_ministairs_13
Temple:   nicolae_temple_superstar

Skill      XL: |  1  2  3  4  5  6  7  8  9 |
---------------+----------------------------+-----
Armour         | 4 5 6 8 9 |  9.4
Fighting       | 4 5 6 8 9 |  9.3
Axes           | 3 4 5 6 7 8 |  8.8
Shields        | 4 5 6 |  6.9
Throwing       | 1 2 3 |  3.7

Action                   |  1- 3 |  4- 6 |  7- 9 || total
-------------------------+-------+-------+-------++-------
Melee: War axe           |    83 |    76 |   266 ||   425
       Headbutt          |    12 |    11 |    54 ||    77
Throw: Boomerang         |       |       |    46 ||    46
  Use: Scroll            |       |       |    12 ||    12
Armor: Scale mail        |    37 |    49 |   132 ||   218
Dodge: Dodged            |    43 |    39 |    93 ||   175
Block: Buckler           |    25 |    16 |    54 ||    95
